[Event "43rd Indian-chT 2023-24"]
[Site "Dharamsala"]
[Date "2024.04.01"]
[Round "6.1"]
[White "Borkhetariya Devarsh M"]
[Black "Shyaamnikhil P"]
[Result "0-1"]
[ECO "B28"]
[WhiteElo "1840"]
[BlackElo "2405"]
[Annotator "RC"]
[PlyCount "134"]
[EventDate "2024.03.28"]
[EventType "team-tourn"]
[EventCountry "IND"]
[SourceTitle "playchess.com"]
[Source "ChessBase"]
[SourceQuality "1"]
[TimeControl "5400+30"]

1. e4 c5 2. Nf3 a6 3. d4 cxd4 4. Nxd4 Nf6 5. Nc3 e5 6. Nb3 Bb4 7. Bg5 h6 8. Bxf6 Qxf6 9. Qd3 O-O 10. Be2 Nc6 11. O-O Bxc3 12. Qxc3 d6 13. Rad1 Qe7 14. Qd2 Rd8 15. Bc4 Bg4 16. f3 Be6 17. Bd5 a5 18. c3 Qc7 19. f4 a4 20. Nc1 exf4 21. Rxf4 Ne5 22. Nd3 Ng6 23. Rf2 Bxd5 24. exd5 Qc4 25. Rdf1 Qxd5 26. Qe3 Re8 27. Qg3 Re7 28. h4 Rae8 29. Rf5 Qc4 30. Qxd6 Qxh4 31. Qd5 Rf8 32. Nf4 Qg4 33. Nxg6 Qxg6 34. Qb5 a3 35. b3 Rc8 36. Qd5 Qb6+ 37. Kh1 Qc7 38. c4 Rd8 39. Qa5 Qxa5 40. Rxa5 Rd2 41. Rxa3 Ree2 42. Ra8+ Kh7 43. Rxf7 Rxg2 44. Ra7 h5 45. Raxb7 h4 46. Rf4 Rh2+ 47. Kg1 Rdg2+ 48. Kf1 Rxa2 49. Kg1 Rag2+ 50. Kf1 Rc2 51. Kg1 Kh6 52. Rbf7 Rcg2+ 53. Kf1 h3 54. Rf2 Rh1+ 55. Ke2 Rb1 56. R7f3 Rb2+ 57. Ke3 Rxb3+ 58. Ke4 h2 59. Rxb3 h1=Q 60. Rff3 Rg4+ 61. Ke5 Qh2+ 62. Kf5 Qh5+ 63. Ke6 Qe8+ 64. Kd5 Qd7+ 65. Kc5 Qc7+ 66. Kb4 Qxc4+ 67. Ka3 Qc5+ 0-1

[Event "43rd Indian-chT 2023-24"]
[Site "Dharamsala"]
[Date "2024.04.01"]
[Round "6.2"]
[White "Vignesh N R"]
[Black "Jval Saurin Patel"]
[Result "1-0"]
[ECO "C02"]
[WhiteElo "2525"]
[BlackElo "1934"]
[Annotator "TA"]
[PlyCount "91"]
[EventDate "2024.03.28"]
[EventType "team-tourn"]
[EventCountry "IND"]
[SourceTitle "playchess.com"]
[Source "ChessBase"]
[SourceQuality "1"]
[TimeControl "5400+30"]

1. e4 e6 2. d4 d5 3. e5 c5 4. c3 Nc6 5. Nf3 Qb6 6. Bd3 cxd4 7. cxd4 Bd7 8. Bc2 Nb4 9. O-O Nxc2 10. Qxc2 Ne7 11. Rd1 Nc6 12. Nc3 Be7 {[%emt 0:00:41] The position is equal.} 13. h4 h6 14. Be3 Rc8 15. Rac1 Na5 16. Bf4 O-O 17. Qe2 Qa6 18. Qxa6 bxa6 19. Rd2 (19. h5 $15) 19... Bb5 (19... Rc6 $17) 20. Rdd1 $11 Nc4 21. Nxb5 axb5 22. b3 Na5 23. Rc2 $2 {[%emt 0:03:01][%mdl 8192] [#]} Rc7 $4 24. Rxc7 $18 Re8 {[%emt 0:00:03] [#]} 25. Rc8 $2 Rxc8 $11 26. Rc1 {[%emt 0:00:34] Inhibits Rc2.} Nc6 27. h5 Kf8 28. Ne1 Ke8 29. Be3 Kd7 30. Nd3 g6 31. hxg6 fxg6 32. g3 g5 33. Kg2 Nb4 $2 (33... h5 $11 {and Black stays safe.}) 34. Rxc8 $18 Kxc8 35. Nxb4 Bxb4 {[%emt 0:00:06][%mdl 4096] Endgame. KB-KB} 36. Kf3 {[%emt 0:00:05] Kg4 is the strong threat.} Kd7 37. Kg4 {[%emt 0:00:06] And now Kh5 would win.} Ke8 38. Kh5 {[%emt 0:00:02][%cal Og3g4] Threatens to win with g4!} Bf8 $2 (38... Kf7 39. Kxh6 g4) 39. Kg6 $2 (39. f4 gxf4 40. Bxf4) 39... a5 $2 (39... g4 40. Bxh6 Be7) 40. a4 $2 (40. Kf6 Be7+ 41. Kxe6) 40... b4 $2 (40... bxa4 $18 41. bxa4 g4 42. Bxh6 Be7) 41. g4 {[%emt 0:00:50] White mates.} Ke7 42. f4 gxf4 43. Bxf4 Ke8 44. Bxh6 Be7 45. Bg5 Bf8 46. Bf6 {[%emt 0:00:04] Never resign too early!   Weighted Error Value: White=0.72/Black=0.41.  Loses game:     	White=1     	Black=1      Missed win:     	---       	Black=1      Mistake:       	White=2     	Black=4      Inaccurate:     	---       	Black=1      OK:         	White=14    	Black=7      Best:        	White=4     	---} 1-0

[Event "43rd Indian-chT 2023-24"]
[Site "Dharamsala"]
[Date "2024.04.01"]
[Round "6.3"]
[White "Mukund Hemant Agarwal"]
[Black "Das, Sayantan"]
[Result "1-0"]
[ECO "C60"]
[WhiteElo "2005"]
[BlackElo "2502"]
[Annotator "TA"]
[PlyCount "79"]
[EventDate "2024.03.28"]
[EventType "team-tourn"]
[EventCountry "IND"]
[SourceTitle "playchess.com"]
[Source "ChessBase"]
[SourceQuality "1"]
[TimeControl "5400+30"]

1. e4 e5 2. Nf3 Nc6 3. Bb5 a6 4. Ba4 Nf6 5. O-O d6 6. Re1 Bd7 7. c3 g6 8. h3 Bg7 9. d4 O-O 10. Nbd2 Nh5 11. Nf1 Qe8 12. Bc2 f5 (12... Qc8 $14) 13. exf5 (13. dxe5 $16 {Black must now prevent e6.} dxe5 14. exf5 gxf5 15. Ng3 Nxg3 16. fxg3) 13... gxf5 $14 14. dxe5 dxe5 15. Ng3 $1 Nxg3 16. fxg3 Qe7 17. Bg5 Bf6 ({Better is} 17... Qe8) 18. Bh6 (18. Nxe5 $1 $16 Nxe5 19. Bxf6 Qc5+ 20. Qd4 Qxd4+ 21. cxd4 Rxf6 22. Rxe5 (22. dxe5 Rb6 $16)) 18... Rfe8 {[%emt 0:02:24] [#]} (18... Bg7 $1 $11 {remains equal.} 19. Bg5 Qc5+ 20. Kh1 Be6) 19. Ng5 $1 $36 {[%emt 0:03:20][%mdl 2560] White is really pushing. White is much more active.} Bxg5 20. Bxg5 Qxg5 21. Qxd7 e4 22. Rf1 Re5 (22... Rad8 $16 23. Qxf5 Qxf5 24. Rxf5 e3 25. Bb3+ Kh8) 23. Qxc7 $18 Rf8 (23... Qg7 $142 24. Bb3+ Kh8 25. Qxg7+ Kxg7) 24. Qxb7 Ne7 25. Rae1 (25. g4 $18 {and White stays clearly on top.}) 25... Qxg3 $16 26. Qxa6 Ng6 27. Qc4+ Kg7 28. Qd4 Nh4 29. Re2 ({But not} 29. Bxe4 $2 fxe4 30. Re2 Rxf1+ 31. Kxf1 Nf5 32. Qd7+ Re7 33. Qxf5 Rf7 $19) 29... Rfe8 {[%emt 0:02:27][%cal Bf8e8,Be8e5,Be5d5][%mdl 32] [#]} 30. Kh1 $1 {[%emt 0:00:42] Threatens to win with b4.} Ng6 $2 {[%emt 0:02:51][%mdl 8192] Loses the game.} (30... f4 $16 {is tougher.}) 31. Rxf5 $18 {[%emt 0:00:27][%cal Re2e4] White is clearly winning.} Kh6 32. Rxe5 (32. Rxe4 $2 {is the wrong capture.} Rxf5 33. Qd2+ Kg7 34. Qd7+ Rf7 35. Qd4+ Kf8 36. Rxe8+ Kxe8 $19) 32... Rxe5 33. Qe3+ Qxe3 34. Rxe3 {[%emt 0:00:03][%mdl 4096] Endgame. KRB-KRN} Rd5 35. Bxe4 Re5 36. Kg1 Nf4 37. Kf2 Kg5 38. h4+ Kf6 39. g3 Ne6 40. Bxh7 {[%emt 0:00:15] Weighted Error Value: White=0.23 (precise) /Black=0.40.  Loses game:     	---       	Black=1      Mistake:       	White=3     	Black=5      Inaccurate:     	---       	Black=2      OK:         	White=11    	Black=4      Best:        	White=2     	Black=5      Strong:       	White=2     	---} 1-0

[Event "43rd Indian-chT 2023-24"]
[Site "Dharamsala"]
[Date "2024.04.01"]
[Round "6.4"]
[White "Gusain, Himal"]
[Black "Jihan Tejas Shah"]
[Result "1-0"]
[ECO "B31"]
[WhiteElo "2484"]
[BlackElo "2016"]
[Annotator "TA"]
[PlyCount "87"]
[EventDate "2024.03.28"]
[EventType "team-tourn"]
[EventCountry "IND"]
[SourceTitle "playchess.com"]
[Source "ChessBase"]
[SourceQuality "1"]
[TimeControl "5400+30"]

1. e4 c5 2. Nf3 Nc6 3. Bb5 g6 4. Bxc6 dxc6 5. d3 Bg7 6. h3 Nf6 7. Nc3 Nd7 8. Be3 e5 9. Qd2 h6 10. O-O b6 11. Nh2 Nf8 {[%emt 0:00:08] White is slightly better.} 12. f4 exf4 13. Bxf4 Ne6 14. Bg3 Qg5 15. Qe1 Nd4 16. Nf3 Nxf3+ 17. Rxf3 O-O 18. e5 Be6 19. Ne4 $36 {[%emt 0:01:24][%mdl 2048] White has some pressure.} Qd8 20. Kh1 Qd4 21. b3 Qd7 22. Nf6+ Bxf6 23. Rxf6 Rae8 24. Qd2 Kg7 25. Raf1 {[%emt 0:01:13] White is more active.} Bf5 $2 {[%emt 0:13:45][%mdl 8192] [#] Black cannot hold the game after this.} (25... Qd5 $16 26. Bf4 Rh8) 26. R1xf5 $1 $18 Qxf5 (26... Re6 27. Rxe6) 27. Rxf5 gxf5 28. Qf4 Re6 29. Bh4 Kg6 30. Bf6 {[%emt 0:00:15] [#] White threatens Qg3+ and mate.} Rfe8 31. Qg3+ {[%emt 0:00:26] White mates.} Kh5 32. Qg7 Rxf6 33. Qxf6 {[%emt 0:00:15] KQ-KR} Rg8 34. Qxf7+ Rg6 35. e6 Kg5 36. h4+ Kf4 37. Qxg6 Ke3 38. e7 Kd2 39. e8=Q Kc1 40. Qe1+ Kb2 41. Qf6+ Ka3 42. Qfc3 c4 43. Qc1+ Kxa2 44. Q1a1# {[%emt 0:00:34] Weighted Error Value: White=0.05 (flawless) /Black=0.38.  Loses game:     	---       	Black=1      Inaccurate:     	---       	Black=1      OK:         	White=8     	Black=4      Best:        	White=1     	Black=1      Brilliant:      	White=1     	---} 1-0

[Event "43rd Indian-chT 2023-24"]
[Site "Dharamsala"]
[Date "2024.04.01"]
[Round "6.5"]
[White "Krishna C R G"]
[Black "Tiwari Shivansh"]
[Result "1/2-1/2"]
[ECO "E04"]
[WhiteElo "2445"]
[BlackElo "1973"]
[Annotator "TA"]
[PlyCount "72"]
[EventDate "2024.03.28"]
[EventType "team-tourn"]
[EventCountry "IND"]
[SourceTitle "playchess.com"]
[Source "ChessBase"]
[SourceQuality "1"]
[TimeControl "5400+30"]

1. d4 d5 2. c4 e6 3. Nf3 Nf6 4. g3 dxc4 5. Bg2 Nc6 6. Qa4 Bb4+ 7. Bd2 Nd5 8. Qb5 {[%emt 0:00:23] Against Nb6} Bxd2+ 9. Nbxd2 c3 10. bxc3 Nxc3 11. Qc4 Nd5 12. O-O O-O 13. Rfc1 Na5 14. Qc2 c6 15. Ne5 Ne7 16. e3 b6 17. Ne4 (17. Be4 $14) 17... h6 18. Qe2 Bb7 19. Rd1 Nd5 20. Rac1 Rc8 21. g4 Qe7 22. g5 hxg5 23. Qh5 Nf6 $1 24. Qxg5 {[%emt 0:00:02] [#] Qh4 would now be deadly.} Rfe8 (24... c5 25. Nxf6+ Qxf6 26. Qxf6 gxf6 27. Nd7 $16) 25. Qf4 Nxe4 26. Bxe4 Qf6 ({Of course not} 26... c5 $6 27. dxc5 Bd5 (27... Rxc5 $2 {too greedy.} 28. Rxc5 bxc5 29. Rd7 $18) 28. c6 $14) 27. Qxf6 $1 gxf6 28. Nd7 Kg7 29. Kh1 $1 {[%emt 0:00:07] [#] Threatening mate with Rg1+. The position is equal.} Rg8 $1 ({And not} 29... f5 30. Rg1+ Kh6 31. Rg3 Kh5 32. Rcg1 Kh4 33. Ne5 fxe4 34. Rg4+ Kh5 35. R1g3 Rh8 36. Rh3#) 30. Rg1+ Kh6 31. Rxg8 Rxg8 32. Nxf6 Rc8 33. Nd7 (33. Rg1 $5 c5 $8 34. dxc5 $11) 33... c5 34. Bxb7 Nxb7 35. dxc5 $1 Nxc5 36. Rc4 Rc7 {[%emt 0:00:38] Weighted Error Value: White=0.09 (flawless) /Black=0.07 (flawless) .  Mistake:       	White=1     	---        Inaccurate:     	White=3     	Black=3      OK:         	White=9     	Black=13     Best:        	White=3     	Black=1      Strong:       	White=3     	Black=2} 1/2-1/2

[Event "43rd Indian-chT 2023-24"]
[Site "Dharamsala"]
[Date "2024.04.01"]
[Round "6.6"]
[White "Gourav Nigam"]
[Black "Ghosh, Diptayan"]
[Result "0-1"]
[ECO "C60"]
[WhiteElo "1995"]
[BlackElo "2559"]
[Annotator "TA"]
[PlyCount "68"]
[EventDate "2024.03.28"]
[EventType "team-tourn"]
[EventCountry "IND"]
[SourceTitle "playchess.com"]
[Source "ChessBase"]
[SourceQuality "1"]
[TimeControl "5400+30"]

1. e4 e5 2. Nf3 Nc6 3. Bb5 Nge7 4. O-O Ng6 5. d4 exd4 6. Nxd4 Bc5 7. c3 O-O 8. Be3 $1 {[%emt 0:00:38] Strongly threatening Nxc6.} Bb6 9. Nd2 {[%emt 0:06:30] The position is equal.} Nxd4 10. cxd4 (10. Bxd4 {simplifies} Bxd4 11. cxd4 c6 12. Be2) 10... d5 11. exd5 Qxd5 12. Bc4 Qf5 13. Nb3 (13. a4 $11 {is superior.} c6 14. a5) 13... Qf6 $40 {[%emt 0:04:36][%mdl 128] Black is up to no good.} 14. Qh5 (14. Re1 {simplifies} Be6 15. Bxe6 Qxe6 16. Nc5) 14... Nf4 (14... Be6 {simplifies} 15. Bxe6 Qxe6 16. Nc5 Bxc5 17. Qxc5 c6) 15. Bxf4 (15. Qf3 {simplifies} Nh3+ 16. Kh1 Qxf3 17. gxf3 Rd8 18. Rad1) 15... Qxf4 16. Rfe1 Be6 (16... Bxd4 17. Nxd4 Bg4 (17... Qxd4 18. Qxf7+ Rxf7 19. Re8#) 18. Qe5 Qxe5 19. Rxe5 $18) 17. g3 Qf6 (17... Qg4 {simplifies} 18. Qxg4 Bxg4 19. Nc5 Rad8) 18. Bd3 (18. Bxe6 $11 {remains equal.} fxe6 19. f4) 18... g6 $17 {[%emt 0:01:29] Black continues to play with concentration.} (18... Bxd4 19. Qxh7#) 19. Qe5 Qxe5 20. dxe5 Rad8 21. Rad1 f6 {[%emt 0:08:05] Black is more active.} 22. Rd2 (22. exf6 $17 Rxf6 23. Bc4 Bxf2+ 24. Kg2 Rxd1 25. Bxe6+ Rxe6 26. Rxe6) 22... fxe5 $19 23. Rxe5 {[%emt 0:01:02] [#]} Rxf2 $1 24. Rxf2 Bxb3 25. axb3 ({Not} 25. Bxg6 $2 Rd2 (25... Bxf2+ 26. Kxf2 Bxa2 27. Bh5 $17) (25... hxg6 $2 26. axb3 Rd2 27. Re8+ Kg7 28. Re7+ Kh6 29. Ref7 $19) (25... Bxa2 26. Bc2 $17) 26. Bxh7+ (26. Re8+ $2 Kg7 $19) 26... Kxh7 $19) (25. Be4 $142 Bxa2 (25... Bxf2+ 26. Kxf2 Bxa2 27. Ra5 $17) 26. Kg2 Bxf2 27. Kxf2) 25... Rxd3 {[%emt 0:01:47][%mdl 4096] Endgame. KRR-KRB} 26. Re8+ Kg7 27. Re7+ Kh6 {[%emt 0:00:13][%cal Od3d2] [#] aiming for ...Rd2!} 28. Kg2 Bxf2 29. Kxf2 Rxb3 30. Rxc7 $2 (30. Re2) 30... Rxb2+ {[%emt 0:00:10] KR-KR} 31. Kf3 g5 {[%emt 0:00:32][%cal Oa7a5] ...a5! would now be deadly.} ({Stronger than} 31... Rxh2 32. Rxb7 Ra2 33. Kg4 $11) 32. h3 $2 (32. Rc5) 32... Kg6 {[%emt 0:00:23] Black is clearly winning.} 33. Rd7 Rb3+ 34. Kg2 Rb6 {[%emt 0:00:55] Wards off Rd6+.   Weighted Error Value: White=0.51/Black=0.16 (very precise) .  Mistake:       	White=5     	---        Inaccurate:     	White=1     	Black=3      OK:         	White=4     	Black=11     Best:        	---       	Black=5      Strong:       	White=1     	---} 0-1

[Event "43rd Indian-chT 2023-24"]
[Site "Dharamsala"]
[Date "2024.04.01"]
[Round "6.7"]
[White "Visakh N R"]
[Black "Choubey Saurabh"]
[Result "1-0"]
[ECO "E11"]
[WhiteElo "2521"]
[BlackElo "2022"]
[Annotator "RC"]
[PlyCount "67"]
[EventDate "2024.03.28"]
[EventType "team-tourn"]
[EventCountry "IND"]
[SourceTitle "playchess.com"]
[Source "ChessBase"]
[SourceQuality "1"]
[TimeControl "5400+30"]

1. d4 Nf6 2. Nf3 e6 3. c4 Bb4+ 4. Bd2 Bxd2+ 5. Qxd2 O-O 6. Nc3 d5 7. e3 c6 8. Qc2 a6 9. Bd3 b5 10. c5 Nbd7 11. O-O b4 12. Ne2 a5 13. a3 bxa3 14. Rxa3 Ba6 15. Nf4 Qc7 16. Rfa1 Rfb8 17. Qc3 Bxd3 18. Nxd3 Ne4 19. Qe1 f6 20. Rxa5 Rxa5 21. Qxa5 Qb7 22. h3 Kf7 23. Nfe1 e5 24. Nc2 exd4 25. exd4 Ng5 26. Qa7 Ne6 27. Ndb4 Nd8 28. Qa6 Qb5 29. Qxb5 Rxb5 30. Ra7 Ke8 31. Rc7 Ke7 32. Nxc6+ Nxc6 33. Rxc6 Rxb2 34. Ne3 1-0

[Event "43rd Indian-chT 2023-24"]
[Site "Dharamsala"]
[Date "2024.04.01"]
[Round "6.8"]
[White "Devansh Singh"]
[Black "Neelash Saha"]
[Result "0-1"]
[ECO "C01"]
[WhiteElo "1815"]
[BlackElo "2463"]
[Annotator "TA"]
[PlyCount "84"]
[EventDate "2024.03.28"]
[EventType "team-tourn"]
[EventCountry "IND"]
[SourceTitle "playchess.com"]
[Source "ChessBase"]
[SourceQuality "1"]
[TimeControl "5400+30"]

1. e4 e6 2. d4 d5 3. Nc3 Bb4 4. exd5 exd5 5. Bd3 c6 6. a3 Bd6 7. Nge2 Qc7 8. Bg5 {[%emt 0:03:59] White has an edge.} h6 9. Bh4 Ne7 10. Bg3 Nf5 11. Bxd6 Nxd6 12. Ng3 O-O 13. O-O f5 14. Qh5 Qe7 15. Nce2 (15. Rae1 {simplifies} Qf6 16. Nce2 Rf7 17. c3) 15... f4 $2 {[%emt 0:09:41] [#]} (15... Qg5 $11 {and Black has nothing to worry.}) 16. Qg6 $1 $18 fxg3 17. Qh7+ Kf7 {[%emt 0:00:04] White must now prevent ...gxh2+.} 18. Qg6+ Kg8 {[%emt 0:00:06] aiming for ...gxh2+.} 19. Qh7+ Kf7 {[%emt 0:00:04] And now ...gxh2+ would win.} 20. fxg3+ Ke8 {[%emt 0:00:08] Hoping for ...Nd7.} 21. Nf4 $1 Kd7 $2 {[%emt 0:20:16] [#]} ({Avoid the trap} 21... Bf5 $2 22. Bxf5 Qe3+ 23. Kh1 Nxf5 24. Rae1 $18) (21... Rxf4 {is tougher.} 22. Rxf4 (22. gxf4 Qf8 $11) 22... Kd7) 22. Rae1 $1 Qd8 23. Qxg7+ Rf7 24. Qg6 (24. Qe5 $18 {Ne6 would now be deadly.} Qg5 25. Bg6) 24... Qf6 $14 {[%emt 0:08:46] [#]} 25. Qg8 $2 (25. Re6 $1 $16 {[%cal Re6f6] keeps the pressure on.} Qxg6 26. Rxg6) 25... Qxd4+ $17 {[%emt 0:02:16] White is on the road to losing.} 26. Kh1 Qg7 (26... Qxb2 $2 {is the wrong capture.} 27. Bg6 Qg7 28. Bxf7 Qxg8 29. Bxg8 $18) 27. Qxg7 Rxg7 28. Ne6 Rf7 29. Nc5+ Kd8 30. Rxf7 (30. Rf4 {was worth a try.}) 30... Nxf7 $19 31. Bg6 Nd6 32. Rf1 (32. h3 $142) 32... b6 33. Nd3 Nd7 {[%emt 0:00:16] Prevents Rf8+.} 34. Nf4 Ne5 35. Bh5 Ke7 36. h3 Bf5 37. g4 (37. c3 $142) 37... Bxc2 {[%emt 0:00:11] Black is clearly winning.} 38. Rf2 Be4 39. Ne2 Rf8 40. Nf4 Nd3 41. Nxd3 Bxd3 42. Rd2 Ne4 {[%emt 0:00:09] Weighted Error Value: White=0.62/Black=0.29 (precise) .  Loses game:     	---       	Black=3      Missed win:     	White=1     	---        Mistake:       	White=4     	Black=1      Inaccurate:     	White=1     	Black=1      OK:         	White=8     	Black=14     Best:        	White=2     	Black=3      Strong:       	White=3     	---} 0-1

[Event "43rd Indian-chT 2023-24"]
[Site "Dharamsala"]
[Date "2024.04.02"]
[Round "7.1"]
[White "Vignesh N R"]
[Black "Adireddy Arjun"]
[Result "1-0"]
[ECO "B81"]
[WhiteElo "2525"]
[BlackElo "2299"]
[Annotator "RC"]
[PlyCount "122"]
[EventDate "2024.03.28"]
[EventType "team-tourn"]
[EventCountry "IND"]
[SourceTitle "playchess.com"]
[Source "ChessBase"]
[SourceQuality "1"]
[TimeControl "5400+30"]

1. e4 c5 2. Nf3 d6 3. d4 cxd4 4. Nxd4 Nf6 5. Nc3 a6 6. h3 e6 7. g4 d5 8. Nde2 Bb4 9. a3 Bxc3+ 10. Nxc3 Nxe4 11. Nxe4 dxe4 12. Qxd8+ Kxd8 13. Bf4 Bd7 14. O-O-O Ke8 15. Bg2 Bc6 16. Rhe1 e3 17. Bxc6+ Nxc6 18. Rxe3 Rd8 19. Bd6 Rd7 20. b4 f6 21. Rxe6+ Kf7 22. Re3 Rhd8 23. Red3 Ke6 24. Bc5 Ne5 25. Rxd7 Rxd7 26. Re1 Kf7 27. f4 Nc4 28. a4 b6 29. Re4 Nd2 30. Rd4 Rxd4 31. Bxd4 Nc4 32. f5 Ke7 33. Kd1 Kd6 34. Ke2 Kd5 35. Kd3 b5 36. axb5 axb5 37. Bc5 g6 38. fxg6 Ne5+ 39. Ke3 Nxg6 40. Bd4 f5 41. c3 fxg4 42. hxg4 Nf8 43. Kf3 Ne6 44. Bf6 Nc7 45. g5 Ne8 46. Bh8 Nd6 47. Kf4 Kc4 48. Be5 Nf7 49. Bd4 Kd5 50. Bg7 Nd6 51. Bd4 Nf7 52. Bc5 Kc4 53. Kf5 Kxc3 54. Be7 Kc4 55. Kf6 Nh8 56. Kg7 Ng6 57. Bc5 Nf4 58. Kxh7 Ne6 59. g6 Nxc5 60. bxc5 b4 61. g7 Kd5 1-0

[Event "43rd Indian-chT 2023-24"]
[Site "Dharamsala"]
[Date "2024.04.02"]
[Round "7.2"]
[White "Sriram Adarsh Uppala"]
[Black "Das, Sayantan"]
[Result "1-0"]
[ECO "A17"]
[WhiteElo "2141"]
[BlackElo "2502"]
[Annotator "TA"]
[PlyCount "109"]
[EventDate "2024.03.28"]
[EventType "team-tourn"]
[EventCountry "IND"]
[SourceTitle "playchess.com"]
[Source "ChessBase"]
[SourceQuality "1"]
[TimeControl "5400+30"]

1. Nf3 d5 2. e3 Nf6 3. c4 e6 4. Nc3 Bd6 5. b3 O-O 6. Bb2 a6 7. Qc2 Nc6 8. a3 dxc4 9. bxc4 e5 10. Ng5 h6 11. h4 g6 12. Nge4 h5 13. Nxf6+ Qxf6 14. c5 Bxc5 15. Ne4 Qf5 16. g4 hxg4 17. h5 Be7 18. Bd3 Rd8 19. Nd6 Rxd6 20. Bxf5 Bxf5 21. Qb3 Be4 (21... Be6 $14 22. Qa4 (22. Qxb7 $2 Ra7 $19) 22... g5) 22. Rh2 (22. Qxb7 $2 Rb8 23. Qxc7 Rxb2 (23... Bxh1 $2 24. Bxe5 Re6 25. hxg6 $19) 24. Qc8+ Rd8 25. Qxg4 Bxh1 $19) 22... Rad8 (22... g5 $16) 23. Rd1 $2 (23. Qxb7 $2 Rxd2 24. hxg6 g3 25. gxf7+ Kxf7 26. Qb3+ Bd5 27. Rh7+ (27. fxg3 $2 Rxh2 28. Qd3 Rxb2 $19) 27... Kg6 $19) ({Only move:} 23. hxg6 $18 Bxg6 24. Qxb7) 23... Bf3 $11 {[%emt 0:01:01] [#]} 24. Bc3 (24. hxg6 $1 $11 {remains equal.} Rxg6 25. Rc1 (25. Qxb7 Nb4 $11)) 24... Bf8 $2 {[%emt 0:02:32] [#]} (24... Bxd1 $2 25. Qxd1 (25. Kxd1 b5 $18) 25... gxh5 26. Rxh5 $18) (24... gxh5 $1 $17 25. Qxb7 (25. Rxh5 $2 g3 $19) 25... h4) 25. h6 (25. Qxb7 $1 $16 {Rc1 would now be deadly.} Nd4 (25... gxh5 26. Rxh5) 26. Qxc7) 25... Re6 (25... Bxd1 $2 26. h7+ (26. Qxd1 Kh7 $16) (26. Kxd1 Re6 $18) 26... Kh8 27. Qxf7 $18 (27. Qxd1 Re6 $16) (27. Kxd1 Re6 $18)) (25... Bd5 $5 26. h7+ (26. Qxb7 $2 Nd4 $19) 26... Kh8 $11) 26. h7+ Kh8 27. Qxb7 $1 Bg7 $2 (27... Bd6 $14 28. Rb1 Nd4) 28. Qxc7 (28. Rc1 $18) 28... Bxd1 (28... Re7 $16 29. Qb6 Rb8 30. Qxa6 Nd4) 29. Kxd1 $18 f5 30. Kc2 Rde8 $2 (30... Red6 {might work better.} 31. Rh1 R8d7 32. Qc8+ Rd8) 31. Rh1 $18 R8e7 32. Qc8+ Re8 33. Qd7 (33. Qxa6 $2 Nd4+ 34. exd4 Rxa6 $19) 33... R8e7 34. Qd5 Re8 (34... a5 $142 35. Rb1 (35. Bxa5 Nxa5 36. Qxa5 Rc6+ 37. Kd1 Re8 $18) 35... Kxh7) 35. Rb1 $18 a5 36. Kd1 Kxh7 37. Rb6 Nb4 38. Qxe6 (38. axb4 Rxb6 39. bxa5 (39. Qxa5 Reb8 $16) 39... Ra6 40. Qh1+ Kg8 $11) 38... Rxe6 39. Rxe6 Nd3 40. Ke2 ({Not} 40. Bxa5 Nxf2+ 41. Ke2 Ne4 $18) 40... Nc1+ 41. Kf1 Nd3 (41... Nb3 $142 42. Ra6 (42. Bxe5 Nxd2+ 43. Ke2 Nc4 $18) 42... Bf8) 42. Bxa5 Bf8 43. a4 Nc5 44. Rxe5 Nxa4 45. d4 Kg8 46. Rb5 Be7 47. Ke2 Kf7 48. Kd3 Ke6 49. Kc4 Bh4 50. Be1 Bd8 51. Kb3 Nb6 52. Ba5 Kd6 53. Bxb6 Kc6 54. Bxd8 Kxb5 55. Bh4 1-0

[Event "43rd Indian-chT 2023-24"]
[Site "Dharamsala"]
[Date "2024.04.02"]
[Round "7.3"]
[White "Swapnil, S. Dhopade"]
[Black "Pavan Karthikeya Varma Gunturi"]
[Result "1-0"]
[ECO "D45"]
[WhiteElo "2454"]
[BlackElo "1831"]
[Annotator "RC"]
[PlyCount "71"]
[EventDate "2024.03.28"]
[EventType "team-tourn"]
[EventCountry "IND"]
[SourceTitle "playchess.com"]
[Source "ChessBase"]
[SourceQuality "1"]
[TimeControl "5400+30"]

1. d4 d5 2. c4 c6 3. Nc3 Nf6 4. e3 e6 5. Nf3 Nbd7 6. Be2 Bd6 7. O-O O-O 8. b3 b6 9. Bb2 Bb7 10. Bd3 Qe7 11. Re1 Ba3 12. Bxa3 Qxa3 13. Qc2 g6 14. e4 dxe4 15. Nxe4 Nxe4 16. Bxe4 Qd6 17. Rad1 Rad8 18. Qc1 f5 19. c5 bxc5 20. Bd3 Rf6 21. Bc4 Nf8 22. dxc5 Qe7 23. Rxd8 Qxd8 24. Qa1 Qe7 25. Qe5 Bc8 26. b4 Kg7 27. Rd1 h6 28. h4 Nd7 29. Qc7 Rf8 30. Re1 e5 31. Rxe5 Qf6 32. Re6 Qc3 33. Bb3 Qxb4 34. Qd6 Nf6 35. Rxf6 Rxf6 36. Qe7+ 1-0

[Event "43rd Indian-chT 2023-24"]
[Site "Dharamsala"]
[Date "2024.04.02"]
[Round "7.4"]
[White "Yohan Yadav Tarala"]
[Black "Gusain, Himal"]
[Result "1/2-1/2"]
[ECO "B23"]
[WhiteElo "1746"]
[BlackElo "2484"]
[Annotator "TA"]
[PlyCount "54"]
[EventDate "2024.03.28"]
[EventType "team-tourn"]
[EventCountry "IND"]
[SourceTitle "playchess.com"]
[Source "ChessBase"]
[SourceQuality "1"]
[TimeControl "5400+30"]

1. e4 c5 2. Nc3 Nc6 3. f4 g6 4. Nf3 Bg7 5. a4 e6 6. e5 d6 7. Bb5 Nge7 8. Ne4 dxe5 9. fxe5 O-O 10. Nf6+ Kh8 {[%emt 0:00:25][%cal Oc6e5] Threatening ...Nxe5!} 11. d4 Nxd4 {[%emt 0:01:29] ...a6 would now be deadly.} 12. c3 Nxb5 13. Qxd8 Rxd8 14. Ng5 Rf8 15. axb5 h6 16. Nge4 {[%emt 0:01:33][%mdl 1024] White has compensation. A dynamic duo of knights.} b6 $1 17. O-O g5 18. c4 (18. h4 $1 $14 gxh4 19. Nd6) 18... Ng6 19. Ra3 $1 {[%emt 0:02:03] The position is equal.} Bxf6 20. Nxf6 {[%emt 0:08:09] [#] Rh3 is the strong threat.} Rd8 21. Rh3 (21. Ng4 $5 Kg7 $8 22. Rh3 $11) 21... Kg7 22. Nh5+ Kf8 23. Nf6 Kg7 24. Nh5+ Kf8 25. Nf6 Kg7 26. Nh5+ Kf8 27. Nf6 Kg7 {A rather calm draw.   Weighted Error Value: White=0.03 (flawless) /Black=0.04 (flawless) .  Mistake:       	White=1     	---        Inaccurate:     	---       	Black=1      OK:         	White=17    	Black=9      Best:        	---       	Black=3      Strong:       	White=1     	Black=1} 1/2-1/2